 Dungeon Crawl Stone Soup version 0.32-a0-976-g7161d331b1 (webtiles) character file.

Game seed: 5829022630650736959

2115 HourglassMan the Cleaver (level 9, -4/81 HPs)
             Began as a Minotaur Delver on Apr 20, 2024.
             Was a Priest of Beogh.
             Killed by divine providence
             ... invoked by Zartorak the orc apostle
              (14 damage)
             ... on level 6 of the Dungeon.
             The game lasted 00:09:41 (6217 turns).

HourglassMan the Cleaver (Minotaur Delver)          Turns: 6217, Time: 00:09:41

Health: -4/81      AC: 14    Str: 21    XL:     9   Next: 8%
Magic:  9/9        EV:  6    Int:  7    God:    Beogh [***...]
Gold:   268        SH:  0    Dex: 12    Spells: 8/8 levels left

rFire   . . .        y - +0 battleaxe
rCold   . . .        (shield currently unavailable)
rNeg    . . .        h - +0 plate armour
rPois   .            r - +0 hat
rElec   .            q - +0 cloak
rCorr   .            (no gloves)
SInv    .            (no boots)
Will    .....        (no amulet) Stlth
                     k - +4 ring of slaying
HPRegen 0.33/turn    (no ring)
MPRegen 0.11/turn

%: no passive effects
@: hasted, very quick
A: horns 2, retaliatory headbutt
a: Renounce Religion, Smiting


You were on level 6 of the Dungeon.
You worshipped Beogh.
Beogh was most pleased with you.
You visited 1 branch of the dungeon, and saw 6 of its levels.
You also visited: Sewer.

You collected 312 gold pieces.
You spent 44 gold pieces at shops.

Inventory:

Hand Weapons
 a - a +0 war axe
 v - a +2 hand axe of flaming
 y - a +0 battleaxe (weapon)
Missiles
 b - 7 poisoned darts (quivered)
Armour
 h - a +0 plate armour (worn)
 q - a +0 cloak (worn)
 r - a +0 hat (worn)
Jewellery
 e - a ring of magical power
 i - a ring of wizardry
 k - a +4 ring of slaying (left hand)
Wands
 g - a wand of digging (3)
Scrolls
 c - 2 scrolls of fog
 d - a scroll of revelation
 m - 6 scrolls of identify {unknown}
 n - 3 scrolls of enchant weapon {unknown}
 u - 3 scrolls of amnesia {unknown}
 x - a scroll of silence {unknown}
Potions
 j - a potion of lignification {unknown}
 o - 3 potions of enlightenment
 p - a potion of mutation
 s - a potion of might {unknown}
 t - a potion of curing {unknown}
 w - a potion of invisibility {unknown}
 z - a potion of heal wounds {unknown}


   Skills:
 + Level 7.8 Fighting
 * Level 10.2 Axes
 + Level 6.7 Armour
 - Level 2.2 Dodging
 - Level 4.1 Stealth
 + Level 2.3 Invocations


You had 8 spell levels left.
You didn't know any spells.
Your spell library contained the following spells:

 Spells                   Type           Power      Damage    Failure   Level
 Kiss of Death            Conj/Necr      0%         2d5       100%        1
 Sublimation of Blood     Necr           0%         N/A       100%        2
 Confusing Touch          Hex            0%         N/A       100%        3
 Fugue of the Fallen      Necr           0%         N/A       100%        3
 Ozocubu's Armour         Ice            0%         N/A       100%        3
 Stone Arrow              Conj/Erth      0%         3d7       100%        3
 Animate Armour           Summ/Erth      0%         N/A       100%        4
 Dispel Undead            Necr           0%         3d6       100%        4
 Curse of Agony           Necr           0%         N/A       100%        5
 Manifold Assault         Tloc           0%         N/A       100%        7
 Rimeblight               Ice/Necr       0%         2d3       (prima100%   7
 Seismic Cannonade        Alch/Erth      0%         6d4       100%        7
 Lehudib's Crystal Spear  Conj/Erth      0%         10d2      100%        8


Dungeon Overview and Level Annotations

Branches:
Dungeon (6/15)              Sewer (visited)
 Temple: D:4-7

Altars:
Ashenzari
Beogh

Shops:
D:2 :   D:3 [


Innate Abilities, Weirdness & Mutations

Your facial features look somewhat orcish.
You have a pair of horns on your head.
You reflexively headbutt those who attack you in melee.


Message History

Zartorak is lightly wounded.
Zartorak hits you with a +1 vampiric hand axe.
* * * LOW HITPOINT WARNING * * *
Zartorak draws strength from your wounds!
You closely miss Zartorak.
Zartorak is lightly wounded.
Zartorak hits you but does no damage.
You closely miss Zartorak.
Zartorak is lightly wounded.
Zartorak mumbles some strange prayers to Beogh.
Zartorak's wounds begin to rapidly close.
You closely miss Zartorak. You headbutt Zartorak.
Zartorak is lightly wounded.
Zartorak hits you but does no damage.
You barely miss Zartorak. You headbutt Zartorak.
Zartorak is lightly wounded.
You hit Zartorak but do no damage. Your headbutt misses Zartorak.
Zartorak is lightly wounded.
Zartorak hits you with a +1 vampiric hand axe.
* * * LOW HITPOINT WARNING * * *
You closely miss Zartorak. Your headbutt misses Zartorak.
Zartorak hits you with a +1 vampiric hand axe.
* * * LOW HITPOINT WARNING * * *
You slice Zartorak!!
Zartorak is moderately wounded.
Zartorak hits you with a +1 vampiric hand axe.
* * * LOW HITPOINT WARNING * * *
You slash Zartorak! You headbutt Zartorak.
Zartorak is heavily wounded.
Zartorak barely misses you.
You closely miss Zartorak.
Zartorak is moderately wounded.
Zartorak hits you but does no damage.
Okay, then.
Okay, then.
Zartorak is no longer regenerating.
Zartorak mumbles some strange prayers to Beogh against you.
Beogh smites you!
You die...
Beogh appreciates Zartorak's killing of a heretic priest.

<#.............
...............
...............
. .............
.. #........ ##
##.# #..).###..#
#....##
#)##....#
#.....###o#....#
#.....@.†<)...#
...?.....##..###
..............#
..........#...#
..............#
...(..#.......#
.....###......#
....# #......#


You could see Zartorak the orc apostle (divinely empowered).

Vanquished Creatures
  An acid dragon (D:5)
  Duvessa (D:5)
  2 water moccasins (D:5)
  2 centaurs
  2 ogres (D:5)
  A phantom (D:5)
  A brain worm (Sewer)
  A scorpion (D:3)
  5 wights
  Dowan (D:5)
  A howler monkey (D:5)
  A bombardier beetle (D:6)
  2 hounds (D:5)
  An orc priest (D:5)
  6 iguanas
  A sleepcap (D:2)
  Natasha (thrice) (D:2)
  2 orc wizards
  Robin (D:3)
  7 gnolls
  12 adders
  5 river rats
  2 ufetubi (D:6)
  6 ribbon worms
  4 dart slugs
  10 orcs
  10 endoplasms
  5 giant cockroaches
  8 hobgoblins
  3 jackals (Sewer)
  2 kobolds
  7 quokkas
  13 ball pythons
  10 bats
  A frilled lizard (D:1)
  21 goblins
  12 rats
173 creatures vanquished.

Vanquished Creatures (others)
  An orc (D:3)
1 creature vanquished.

Grand Total: 174 creatures vanquished

Notes
Turn   | Place    | Note
-------+----------+-------------------------------------------
     0 | D:5      | HourglassMan the Minotaur Delver began the quest for the
                  | Orb.
     0 | D:5      | Reached XP level 1. HP: 19/19 MP: 0/0
    48 | D:4      | Noticed an orc wizard
    52 | D:4      | HP: 1/20 [orc wizard/+1 dagger of freezing (1)]
   389 | D:5      | Noticed a hound
   394 | D:5      | Killed a hound
   395 | D:5      | Reached skill level 3 in Axes
   395 | D:5      | Reached skill level 1 in Armour
   395 | D:5      | Reached XP level 2. HP: 26/27 MP: 1/1
   395 | D:5      | Reached XP level 3. HP: 32/33 MP: 2/2
   492 | D:5      | Noticed an acid dragon
   753 | D:4      | Reached skill level 4 in Axes
   753 | D:4      | Reached XP level 4. HP: 38/40 MP: 3/3
  1544 | D:3      | Reached XP level 5. HP: 43/47 MP: 4/4
  1603 | D:3      | Reached skill level 5 in Axes
  1616 | D:3      | Found a glowing drain.
  1630 | Sewer    | Entered a sewer
  1860 | Sewer    | Reached skill level 5 in Fighting
  1860 | Sewer    | Reached XP level 6. HP: 45/56 MP: 3/5
  2375 | D:3      | Found Jewagguddy's Armour Shop.
  2397 | D:3      | Reached skill level 6 in Axes
  2454 | D:3      | Bought a +0 hat for 44 gold pieces
  2595 | D:2      | Found Vuckes's Book Shop.
  3179 | D:1      | Found a faded altar of an unknown god.
  3188 | D:1      | Prayed at the altar of an unknown god.
  3188 | D:1      | Became a worshipper of Beogh the Shepherd
  3188 | D:1      | Reached * piety under Beogh
  3342 | D:2      | Noticed Natasha
  3349 | D:2      | Killed Natasha
  3573 | D:2      | Noticed Natasha
  3576 | D:2      | Reached XP level 7. HP: 62/62 MP: 6/6
  3580 | D:2      | Killed Natasha
  3799 | D:2      | Noticed Natasha
  3808 | D:2      | Killed Natasha
  3809 | D:2      | Reached skill level 7 in Axes
  4036 | D:3      | Noticed Robin
  4044 | D:3      | Reached ** piety under Beogh
  4049 | D:3      | Killed Robin
  5295 | D:5      | Found a broken altar of Ashenzari.
  5304 | D:5      | Reached skill level 8 in Axes
  5304 | D:5      | Reached skill level 5 in Armour
  5348 | D:5      | Reached XP level 8. HP: 58/71 MP: 7/7
  5387 | D:5      | Reached skill level 9 in Axes
  5970 | D:5      | Noticed Duvessa
  5970 | D:5      | Noticed Dowan
  5975 | D:5      | Killed Duvessa
  5976 | D:5      | Reached skill level 1 in Invocations
  5980 | D:5      | Killed Dowan
  6177 | D:6      | Reached *** piety under Beogh
  6178 | D:6      | Reached skill level 10 in Axes
  6181 | D:6      | Reached XP level 9. HP: 77/80 MP: 9/9
  6196 | D:6      | Noticed Zartorak
  6217 | D:6      | Killed from afar by Zartorak the orc apostle

Illustrated notes

Levels and vault maps discovered:
D:1:      heliophobic_arrival_ceremonial_halls, layout_loops_ring,
          basic_ecumenical_altar
D:2:      layout_basic, serial_shops, nicolae_book_shop_shelving, uniq_natasha
D:3:      layout_loops_ring, lightli_sewer_entry_pipes, serial_shops,
          nicolae_shop_gibbet_a_chance, uniq_robin
D:4:      layout_basic
D:5:      layout_loops_ring, nicolae_ashenzari_skybound, uniq_duvessa
D:6:      layout_cave_pools, gammafunk_temple_overflow_claw, serial_shops,
          nicolae_shop_hallway_stairs

Skill      XL: |  1  2  3  4  5  6  7  8 |
---------------+-------------------------+-----
Fighting       | 4 5 6 7 |  7.8
Axes           | 3 4 5 6 8 10 | 10.2
Armour         | 1 2 3 4 5 6 |  6.7
Invocations    | 2 |  2.3
Dodging        | |  2.2
Stealth        | |  4.1

Action                     |  1- 3 |  4- 6 |  7- 9 || total
---------------------------+-------+-------+-------++-------
  Melee: Hand axe          |    26 |   206 |   143 ||   375
         Headbutt          |     5 |    33 |    36 ||    74
         Battleaxe         |       |       |    23 ||    23
  Throw: Dart              |       |       |     4 ||     4
    Use: Potion            |     1 |       |     2 ||     3
         Scroll            |     1 |       |     3 ||     4
 Armour: Plate armour      |    35 |   175 |   150 ||   360
         Leather armour    |     2 |       |       ||     2
  Dodge: Dodged            |     7 |    46 |    45 ||    98

Table legend: (Time is in decaauts)
 A = Elapsed time spent in this place.
 B = Non-inter-level travel time spent in this place.
 C = Inter-level travel time spent in this place.
 D = Time resting spent in this place.
 E = Time spent auto-exploring this place.
 F = Levels seen in this place.
 G = Mean time per level.
                   A        B        C        D        E       F      G
               +--------+--------+--------+--------+--------+-----+--------+
         Total |   6442 |   6236 |    206 |   1045 |   3737 |   7 |  920.3 |
       Dungeon |   5542 |   5336 |    206 |   1045 |   3168 |   6 |  923.7 |
         Sewer |    899 |    899 |      0 |      0 |    569 |   1 |  899.0 |
               +--------+--------+--------+--------+--------+-----+--------+

Top non-repeatable levels by time:
     D:5: 1663 daAuts
     D:4: 1393 daAuts
     D:3: 965 daAuts
   Sewer: 899 daAuts
     D:2: 822 daAuts
     D:1: 650 daAuts
     D:6: 46 daAuts

Table legend:
 A = Kills in this place as a percentage of kills in the entire game.
 B = Kills by you in this place as a percentage of kills by you in the entire game.
 C = Kills by friends in this place as a percentage of kills by friends in the entire game.
 D = Other kills in this place as a percentage of other kills in the entire game.
 E = Experience gained in this place as a percentage of experience gained in the entire game.
 F = Experience gained in this place divided by the number of levels of this place that you have seen.
                   A       B       C       D       E      F
               +-------+-------+-------+-------+-------+----------------------
         Total | 100.0 | 100.0 |   N/A |   N/A | 100.0 | 431.7
       Dungeon |  83.2 |  83.2 |   N/A |   N/A |  93.3 | 470.0
         Sewer |  16.8 |  16.8 |   N/A |   N/A |   6.7 | 202.0
               +-------+-------+-------+-------+-------+----------------------
